 Dungeon Crawl Stone Soup version 0.19.0-2-gae57169 (webtiles) character file.

593 xeno23 the Firebug (level 7, -8/36 HPs)
             Began as a Deep Elf Fire Elementalist on Nov 5, 2016.
             Was an Initiate of Vehumet.
             Mangled by a wraith (12 damage)
             ... in an ossuary.
             The game lasted 00:12:28 (3939 turns).

xeno23 the Firebug (Deep Elf Fire Elementalist)     Turns: 3939, Time: 00:12:28

Health: -8/36      AC:  4    Str:  5    XL:     7   Next: 16%
Magic:  0/17       EV: 13    Int: 22    God:    Vehumet [......]
Gold:   167        SH:  0    Dex: 21    Spells: 4 memorised, 3 levels left

rFire  . . .     SeeInvis .     s - staff of wizardry
rCold  . . .     Gourm    .     a - +0 robe
rNeg   . . .     Faith    .     (no shield)
rPois  .         Spirit   .     (no helmet)
rElec  .         Reflect  .     k - +0 cloak
rCorr  +         Harm     .     t - +0 pair of gloves
MR     .....                    (no boots)
Stlth  ++........               w - amulet of inaccuracy (curse)
                                G - +6 ring of dexterity
                                D - ring of resist corrosion

@: very slightly contaminated, hasted and slowed
A: no striking features
a: Renounce Religion


You were in an ossuary.
You worshipped Vehumet.
Vehumet was noncommittal.
You were very hungry.

You visited 2 branches of the dungeon, and saw 7 of its levels.
You also visited: Ossuary.

You collected 167 gold pieces.

Inventory:

Armour
 a - a +0 robe (worn)
 k - a +0 cloak (worn)
 t - a +0 pair of gloves (worn)
 v - a +0 ring mail of poison resistance
Magical Staves
 s - an uncursed staff of wizardry (weapon)
Jewellery
 w - a cursed amulet of inaccuracy (around neck)
 D - a ring of resist corrosion (left hand)
 G - a +6 ring of dexterity (right hand)
Wands
 y - a wand of slowing (28/48)
Scrolls
 f - 6 scrolls of remove curse {unknown}
 g - 3 scrolls of identify {unknown}
 l - a scroll of enchant weapon {unknown}
 n - 4 scrolls of teleportation {unknown}
 o - a scroll of fear {unknown}
 x - 2 scrolls of random uselessness {unknown}
 C - 2 scrolls of immolation {unknown}
 H - a scroll of recharging {unknown}
Potions
 e - 2 potions of magic {unknown}
 h - a potion of heal wounds {unknown}
 i - 3 potions of lignification {unknown}
 p - a potion of mutation {unknown}
 q - 2 potions of ambrosia {unknown}
 u - 3 potions of flight {unknown}
 z - 2 potions of might {unknown}
 A - 2 potions of haste
 B - a potion of curing {unknown}
 E - a potion of cure mutation {unknown}
 F - a potion of cancellation {unknown}
Books
 b - a book of Flames

   Spells                             Type                      Level
   a - Flame Tongue                   Conjuration/Fire             1
   b - Throw Flame                    Conjuration/Fire             2
   c - Conjure Flame                  Conjuration/Fire             3
   d - Inner Flame                    Hexes/Fire                   3
   e - Sticky Flame                   Conjuration/Fire             4
   f - Fireball                       Conjuration/Fire             5
Comestibles
 c - 3 bread rations
 d - 2 meat rations
 m - 3 fruits


   Skills:
 - Level 2.4 Dodging
 - Level 2.4 Stealth
 + Level 5.3 Spellcasting
 * Level 5.1 Conjurations
 * Level 6.4 Fire Magic


You had 3 spell levels left.
You knew the following spells:

 Your Spells              Type           Power        Failure   Level  Hunger
a - Flame Tongue          Conj/Fire      ####.        1%          1    None
d - Conjure Flame         Conj/Fire      ####....     1%          3    ##.....
q - Fireball              Conj/Fire      ####......   12%         5    #####..
s - Sticky Flame          Conj/Fire      ####....     4%          4    ####...


Dungeon Overview and Level Annotations

Branches:
Dungeon (6/15)             Temple (1/1) D:4

Altars:
Ashenzari
Elyvilon
Fedhas
Gozag
Hepliaklqana
Kikubaaqudgha
Makhleb
Nemelex Xobeh
Okawaru
Qazlal
Sif Muna
Trog
Uskayaw
Vehumet
Xom
Yredelemnul
Zin
The Shining One

Annotations:
D:6 Dowan, Duvessa


Message History

Casting: Fireball
Confirm with . or Enter, or press ? or * to list all spells.
Aiming: Fireball
Press: ? - help, Shift-Dir - straight line The fireball explodes!
The fireball engulfs the wraith.
The wraith is almost destroyed.
You are feeling very hungry.
The wraith hits you. The wraith drains your vigour!
You feel as though you will be slow longer.
You take 3 damage.
Wield which item (- for none, * to show all)? (? for menu, Esc to quit)
Okay, then.
Evoke which item? (* to show all) (? for menu, Esc to quit)
Okay, then.
It was a potion of haste.
You feel yourself speed up. The wraith hits you!
* * * LOW HITPOINT WARNING * * *
The wraith drains your vigour!
You feel as though you will be slow longer.
The wraith hits you!
You die...

#.......................
#..####..####.....####..
#..#.'...#.'...8...'.#..
#..####..####.....####..
#.......................
#.........^...#.#.......
#..####.......#'#.......
#..#.'..^.8...#.#...8..^
#..####@......###.......
#.....W.^^..^.....^.....
#........#^#..#.#..#.#..
#..####..#'#..#'#..#'#..
#..# +..^#.#..#.#..#.#..
#..# ##..###..###..###..
#... ...........^......
#... ...................
### ###################


You could see a wraith.

Vanquished Creatures
  An ogre (D:4)
  A centaur (D:6)
  2 howler monkeys
  A hound (D:6)
  An orc wizard (D:6)
  A bullfrog skeleton (D:4)
  Terence (D:3)
  3 worker ants
  A mummy (Ossuary)
  A gnoll (D:1)
  3 adders
  2 oozes
  A worm (D:2)
  3 dart slugs
  16 orcs
  8 bats
  A giant cockroach (D:4)
  A gnoll zombie (Ossuary)
  4 goblins (D:2)
  6 hobgoblins
  9 jackals
  A quokka (D:5)
  7 frilled lizards
  2 goblin zombies (Ossuary)
  6 hobgoblin zombies (Ossuary)
  8 kobolds
  4 kobold zombies (Ossuary)
  5 rats
100 creatures vanquished.

Notes
Turn   | Place    | Note
-------+----------+-------------------------------------------
     0 | D:1      | xeno23 the Deep Elf Fire Elementalist began the quest for the Orb.
     0 | D:1      | Reached XP level 1. HP: 10/10 MP: 6/6
   107 | D:1      | Reached XP level 2. HP: 13/15 MP: 0/8
   351 | D:1      | Reached XP level 3. HP: 13/19 MP: 2/10
   717 | D:2      | Reached skill level 4 in Fire Magic
   723 | D:2      | Found a radiant altar of Vehumet.
  1482 | D:3      | Reached XP level 4. HP: 24/24 MP: 7/12
  1544 | D:3      | Learned a level 3 spell: Conjure Flame
  1549 | D:3      | Learned a level 4 spell: Sticky Flame
  1824 | D:3      | Noticed Terence
  1832 | D:3      | Killed Terence
  1925 | D:3      | Reached XP level 5. HP: 15/28 MP: 0/13
  2168 | D:4      | Noticed an ogre
  2302 | D:4      | Found a staircase to the Ecumenical Temple.
  2312 | Temple   | Entered the Ecumenical Temple
  2499 | D:4      | Killed an ogre
  2499 | D:4      | Reached skill level 5 in Fire Magic
  2562 | D:2      | Became a worshipper of Vehumet
  2609 | D:4      | Reached XP level 6. HP: 32/32 MP: 12/14
  2782 | D:4      | You fall through a shaft for 2 floors!
  2785 | D:6      | Noticed Dowan
  2807 | D:6      | Noticed Duvessa
  2810 | D:6      | Reached skill level 5 in Spellcasting
  2811 | D:6      | Reached skill level 6 in Fire Magic
  2869 | D:5      | Entered Level 5 of the Dungeon
  2949 | D:5      | Learned a level 5 spell: Fireball
  2980 | D:5      | Reached XP level 7. HP: 32/36 MP: 9/16
  3006 | D:5      | Reached skill level 5 in Conjurations
  3054 | D:5      | Found a sand-covered staircase.
  3071 | Ossuary  | Entered an ossuary
  3071 | Ossuary  | Noticed a wraith
  3071 | Ossuary  | Noticed a wraith
  3071 | Ossuary  | Noticed a wraith
  3737 | Ossuary  | Noticed a wraith
  3939 | Ossuary  | Mangled by a wraith

Skill      XL: |  1  2  3  4  5  6  7 |
---------------+----------------------+-----
Conjurations   | 2 3 4 5 |  5.1
Fire Magic     | 4 5 6 |  6.4
Spellcasting   | 4 5 |  5.3
Dodging        | |  2.4
Stealth        | |  2.4

Action                   |  1- 3 |  4- 6 |  7- 9 || total
-------------------------+-------+-------+-------++-------
Melee: Unarmed           |     1 |     4 |       ||     5
       Staff             |       |       |     2 ||     2
 Cast: Flame Tongue      |    67 |    82 |    45 ||   194
       Sticky Flame      |       |     7 |       ||     7
       Conjure Flame     |       |     2 |     1 ||     3
       Fireball          |       |       |     6 ||     6
  Use: Potion            |       |       |     1 ||     1
  Eat: Chunk             |     1 |     5 |     2 ||     8
       Pizza             |       |       |     1 ||     1
       Beef jerky        |       |       |     1 ||     1
Armor: Robe              |     3 |    15 |     6 ||    24
Dodge: Dodged            |    27 |    42 |    15 ||    84
